 Dungeon Crawl Stone Soup version 0.25-a0-518-g7669666 (webtiles) character file.

Game seed: 4961397241426239567, levelgen mode: deterministic

1022 15 the Chiller (level 8, 0/58 HPs)
             Began as a Merfolk Ice Elementalist on Feb 17, 2020.
             Was a Follower of Sif Muna.
             Slain by an ice beast (13 damage)
             ... on level 4 of the Dungeon.
             The game lasted 00:24:09 (5119 turns).

15 the Chiller (Merfolk Ice Elementalist)           Turns: 5119, Time: 00:24:10

Health: 0/58       AC:  6    Str: 10    XL:     8   Next: 22%
Magic:  21/24      EV: 14    Int: 15    God:    Sif Muna [*.....]
Gold:   209        SH:  0    Dex: 14    Spells: 2/17 levels left

rFire    . . .     SeeInvis .   l - +2 dagger (drain)
rCold    . . .     Gourm    .   (no shield)
rNeg     . . .     Faith    .   a - +0 robe
rPois    .         Spirit   .   n - +2 helmet
rElec    .         Reflect  .   (no cloak)
rCorr    .         Harm     .   w - +0 pair of gloves {archery}
MR       +....                  (no boots)
Stlth    ++........             o - amulet of magic regeneration
HPRegen  0.19/turn              i - ring of magical power
MPRegen  0.44/turn              p - ring of protection from magic

@: very slightly contaminated
A: change form in water, swift swim, stealthy swim
a: Channel Magic, Renounce Religion


You were on level 4 of the Dungeon.
You worshipped Sif Muna.
Sif Muna was aware of your devotion.
You were near starving.

You visited 1 branch of the dungeon, and saw 5 of its levels.
You also visited: Sewer.

You collected 209 gold pieces.

Inventory:

Hand Weapons
 l - a +2 dagger of draining (weapon)
Missiles
 C - 24 poisoned darts (quivered)
 D - 3 atropa-tipped darts
Armour
 a - a +0 robe (worn)
 n - a +2 helmet (worn)
 w - a +0 pair of gloves of archery (worn)
 x - a +2 scale mail of fire resistance
Magical Staves
 E - an uncursed staff of conjuration
Jewellery
 i - a ring of magical power (left hand)
 o - an amulet of magic regeneration (around neck)
 p - a ring of protection from magic (right hand)
 A - an uncursed ring of stealth
Scrolls
 b - a scroll of magic mapping
 g - 4 scrolls of fog
 h - 2 scrolls of random uselessness {unknown}
 j - a scroll of immolation {unknown}
 q - 2 scrolls of amnesia
 r - a scroll of blinking {unknown}
 u - a scroll of remove curse
 y - a scroll of enchant armour {unknown}
 z - a scroll of enchant weapon {unknown}
 F - a scroll of noise {unknown}
Potions
 d - a potion of degeneration {unknown}
 e - 2 potions of heal wounds {unknown}
 f - a potion of mutation
 k - 3 potions of brilliance
 m - 3 potions of might
 s - a potion of resistance {unknown}
 t - 4 potions of stabbing
 v - 2 potions of flight {unknown}
 B - 2 potions of cancellation {unknown}
 G - a potion of curing
 H - a potion of berserk rage {unknown}
Comestibles
 c - 9 rations


   Skills:
 * Level 3.2 Fighting
 + Level 0.4 Short Blades
 * Level 1.5 Throwing
 * Level 1.8 Armour
 * Level 4.5 Dodging
 + Level 2.9 Stealth
 + Level 0.1 Unarmed Combat
 + Level 5.0 Spellcasting
 * Level 1.9 Conjurations
 + Level 6.4 Ice Magic
 * Level 0.9 Invocations


You had 2 spell levels left.
You knew the following spells:

 Your Spells              Type           Power        Failure   Level  Hunger
a - Freeze                Ice            ###.         1%          1    None
b - Frozen Ramparts       Ice            ###...       3%          3    ###....
c - Ozocubu's Armour      Chrm/Ice       ##......     13%         3    ###....
d - Hailstorm             Conj/Ice       ###.....     30%         4    ####...
e - Summon Ice Beast      Ice/Summ       ##......     41%         4    ####...

Your spell library contained the following spells:

 Spells                   Type           Power        Failure   Level  Hunger


Dungeon Overview and Level Annotations

Branches:
Dungeon (5/15)              Sewer (visited)
 Temple: D:4-7

Altars:
Dithmenos
Fedhas
Gozag
Sif Muna
Vehumet
Wu Jian
Xom
Yredelemnul


Message History

Casting: Hailstorm (quite dangerous; 30% risk of failure)
Confirm with . or Enter, or press ? or * to list all spells.
You miscast Summon Ice Beast.
Distant voices call out to you!
The ice beast hits you but does no damage.
Casting: Summon Ice Beast (quite dangerous; 41% risk of failure)
Confirm with . or Enter, or press ? or * to list all spells.
You miscast Summon Ice Beast.
Shadowy shapes form in the air around you, then vanish.
The ice beast closely misses you. The ice beast hits you.
The ice beast freezes you!
* * * LOW HITPOINT WARNING * * *
The ice beast completely misses you. The ice beast barely misses you.
The ice beast barely misses you.
You aren't carrying any items that you can evoke.
The ice beast hits you.
* * * LOW HITPOINT WARNING * * *
The ice beast freezes you!
You die...

#..# ###.......## ##
###..#####..........# #
###.....##............# #
#....###.............##
..#####.............##
######.............## ######
# ## #..............##
##....## ## .#
##..(.......Y.## ##......###.
.##
#...........@#####.........>.
..#
##.......##....##...........#
..#
###..#####................##
..# #### #....#...........#
..# ##.<.#........#..## ..#
#..........###...# ..#
#...###...## ##..# ..# #..)#
#...# #... .## #..>###...#
##...


You could see an ice beast.

Vanquished Creatures
  A phantom (D:4)
  3 big kobolds (Sewer)
  A scorpion (D:4)
  3 orc priests (D:3)
  A jelly (D:3)
  Natasha (thrice) (D:4)
  3 orc wizards
  3 worker ants (D:4)
  A worker ant zombie (D:5)
  Robin (D:2)
  7 adders
  6 river rats (Sewer)
  2 oozes
  An adder skeleton (D:4)
  3 worms
  A dart slug (D:4)
  17 orcs
  7 ball pythons
  6 bats
  7 giant cockroaches
  2 gnoll zombies (D:4)
  15 goblins
  19 hobgoblins
  10 jackals
  6 frilled lizards
  A jackal skeleton (D:4)
  24 kobolds
  30 rats
184 creatures vanquished.

Notes
Turn   | Place    | Note
-------+----------+-------------------------------------------
     0 | D:1      | 15 the Merfolk Ice Elementalist began the quest for the
                  | Orb.
     0 | D:1      | Reached XP level 1. HP: 13/13 MP: 3/3
   183 | D:1      | Reached XP level 2. HP: 18/19 MP: 0/5
   834 | D:1      | Reached XP level 3. HP: 14/24 MP: 2/6
   869 | D:1      | Learned a level 3 spell: Frozen Ramparts
  1345 | D:2      | Noticed Robin
  1356 | D:2      | Killed Robin
  1356 | D:2      | Reached XP level 4. HP: 23/30 MP: 4/8
  1382 | D:2      | Found a shimmering altar of Xom.
  1830 | D:2      | Found a faded altar of an unknown god.
  2182 | D:2      | Learned a level 3 spell: Ozocubu's Armour
  2496 | D:3      | Reached skill level 1 in Fighting
  2496 | D:3      | Reached skill level 5 in Ice Magic
  2496 | D:3      | Reached XP level 5. HP: 37/37 MP: 10/10
  2548 | D:3      | Found a glowing drain.
  2566 | D:3      | Reached skill level 1 in Armour
  2578 | D:3      | Reached XP level 6. HP: 31/43 MP: 11/11
  2664 | Sewer    | Entered a sewer
  2670 | Sewer    | Learned a level 4 spell: Hailstorm
  2862 | Sewer    | Reached XP level 7. HP: 50/50 MP: 13/13
  2955 | Sewer    | Reached skill level 1 in Conjurations
  3501 | D:3      | Learned a level 4 spell: Summon Ice Beast
  3545 | D:3      | Found a radiant altar of Vehumet.
  3548 | D:3      | Found a blossoming altar of Fedhas.
  3548 | D:3      | Found a shimmering blue altar of Sif Muna.
  3549 | D:3      | Found an ornate altar of the Wu Jian Council.
  3549 | D:3      | Found an opulent altar of Gozag.
  3580 | D:3      | Became a worshipper of Sif Muna the Loreminder
  3902 | D:4      | Reached skill level 6 in Ice Magic
  3914 | D:4      | Found a shadowy altar of Dithmenos.
  4122 | D:4      | Found a basalt altar of Yredelemnul.
  4188 | D:4      | Reached * piety under Sif Muna
  4352 | D:4      | Noticed Natasha
  4359 | D:4      | Killed Natasha
  4538 | D:4      | Noticed Natasha
  4546 | D:4      | Killed Natasha
  4546 | D:4      | Reached skill level 1 in Throwing
  4551 | D:4      | Reached XP level 8. HP: 46/57 MP: 15/15
  4618 | D:4      | Noticed Natasha
  4626 | D:4      | Killed Natasha
  4738 | D:4      | Reached skill level 5 in Spellcasting
  4998 | D:5      | Entered Level 5 of the Dungeon
  5119 | D:4      | Slain by an ice beast

Levels and vault maps discovered:
D:1:      tarquinn_simple_flora_water_c, layout_loops_corners,
          hangedman_glass_teeth, st_stairs_4, ebering_dispersal_statue_hall,
          hangedman_decor_clover_reticule, minivault_4,
          minmay_misc_feat_diagonals
D:2:      layout_basic, old_standard_altar, chequers_ecumenical_altar_grove,
          minmay_ruptured, uniq_robin
D:3:      layout_rooms, grunt_temple_overflow_open, portal_sewer_entry_a,
          hangedman_decor_growths, minmay_randomly_rotated_circles
D:4:      layout_cave_pods, old_standard_altar, lemuel_zombie_altar_yredelemnul,
          uniq_natasha
D:5:      layout_rooms, first_ration

Skill      XL: |  1  2  3  4  5  6  7  8 |
---------------+-------------------------+-----
Dodging        | 3 4 |  4.5
Spellcasting   | 3 4 5 |  5.0
Fighting       | 1 2 3 |  3.2
Ice Magic      | 5 6 |  6.4
Armour         | 1 |  1.8
Conjurations   | 1 |  1.9
Throwing       | 1 |  1.5
Short Blades   | |  0.4
Stealth        | |  2.9
Unarmed Combat | |  0.1
Invocations    | |  0.9

Action                   |  1- 3 |  4- 6 |  7- 9 || total
-------------------------+-------+-------+-------++-------
Melee: Unarmed           |    22 |       |       ||    22
       Dagger            |     2 |    26 |   104 ||   132
       Short sword       |     1 |       |       ||     1
       Tailslap          |       |     1 |       ||     1
Throw: Dart              |       |       |    58 ||    58
 Cast: Freeze            |    42 |    49 |    47 ||   138
       Frozen Ramparts   |     2 |    17 |    28 ||    47
       Hailstorm         |       |       |     9 ||     9
       Ozocubu's Armour  |       |       |     2 ||     2
       Summon Ice Beast  |       |       |     3 ||     3
  Use: Scroll            |     3 |     1 |     3 ||     7
       Potion            |     1 |       |       ||     1
 Stab: Sleeping          |     1 |       |     3 ||     4
       Distracted        |       |     1 |       ||     1
  Eat: Chunk             |     2 |     7 |     7 ||    16
       Ration            |       |       |     1 ||     1
Armor: Robe              |     6 |     9 |    31 ||    46
Dodge: Dodged            |    32 |    42 |    80 ||   154

Table legend:
 A = Non-vault XP
 B = Vault XP
 C = Vault XP percentage of total XP
 D = Non-vault monster count
 E = Vault monster count
 F = Vault count percentage of total count
                 A         B        C        D         E       F
            +---------+---------+-------+---------+---------+-------
      Total |     851 |     610 |  41.8 |     100 |      84 |  45.7
            +---------+---------+-------+---------+---------+-------
        D:1 |      46 |       3 |   6.1 |      29 |       2 |   6.5
        D:2 |      29 |      46 |  61.3 |       9 |      17 |  65.4
        D:3 |     261 |      65 |  19.9 |      31 |      14 |  31.1
        D:4 |     492 |      38 |   7.2 |      27 |       3 |  10.0
        D:5 |      23 |       0 |   0.0 |       4 |       0 |   0.0
      Sewer |       0 |     458 | 100.0 |       0 |      48 | 100.0
            +---------+---------+-------+---------+---------+-------
